 Dungeon Crawl Stone Soup version 0.18.1-6-gd335043 (webtiles) character file.

2048 epen the Cleaver (level 9, 0/79 HPs)
             Began as a Minotaur Chaos Knight on May 16, 2016.
             Killed from afar by MTVSty1e's ghost (30 damage)
             ... with a bolt of negative energy
             ... on level 6 of the Dungeon.
             The game lasted 00:08:26 (4814 turns).

epen the Cleaver (Minotaur Chaos Knight)            Turns: 4814, Time: 00:08:27

Health: 0/79       AC: 13    Str: 19    XL:     9   Next: 4%
Magic:  8/8        EV:  6    Int:  9    God:    Xom [..*...]
Gold:   290        SH:  0    Dex: 13    Spells: 0 memorised, 8 levels left

rFire  . . .     SeeInvis .     a - +0 hand axe (chaos)
rCold  . . .     Gourm    .     t - +0 plate armour
rNeg   . . .     Faith    .     (no shield)
rPois  +         Spirit   .     (helmet restricted)
rElec  .         Dismiss  .     r - +0 cloak
rCorr  .         Reflect  .     (no gloves)
SustAt .         Harm     .     (no boots)
MR     .....                    (no amulet)
Stlth  ..........               k - +3 ring of evasion
                                e - ring of poison resistance

@: heavily drained, not resistant to hostile enchantments, extremely unstealthy
A: retaliatory headbutt, horns 2, thin skeletal structure 1
a: Renounce Religion


You were on level 6 of the Dungeon.
You worshipped Xom.
You were a toy of Xom.
You were not hungry.

You visited 1 branch of the dungeon, and saw 6 of its levels.

You collected 290 gold pieces.

Inventory:

Hand Weapons
 a - a +0 hand axe of chaos (weapon)
Missiles
 A - 2 throwing nets (quivered)
Armour
 b - a +2 leather armour
 h - a +0 ring mail
 r - a +0 cloak (worn)
 t - a +0 plate armour (worn)
 B - a +0 robe
Jewellery
 e - a ring of poison resistance (left hand)
 k - a +3 ring of evasion (right hand)
 s - an uncursed ring of stealth
Wands
 m - a wand of digging (4/24)
Scrolls
 f - 5 scrolls of identify
 i - 2 scrolls of remove curse
 l - 2 scrolls of fear
 o - a scroll of recharging
 x - a scroll of torment {unknown}
 y - a scroll of fog {unknown}
 z - a scroll of amnesia
 C - a scroll of blinking
Potions
 j - a potion of haste
 p - 2 potions of mutation {unknown}
 q - 2 potions of heal wounds
 u - 2 potions of lignification {unknown}
 v - 3 potions of cure mutation {unknown}
 w - a potion of flight
Comestibles
 c - 4 bread rations
 d - 3 meat rations
 g - 4 beef jerkies


   Skills:
 + Level 7.0(5.0) Fighting
 * Level 8.8(6.7) Axes
 + Level 6.0(4.1) Armour
 * Level 7.8(5.7) Dodging


You had 8 spell levels left.
You didn't know any spells.

Dungeon Overview and Level Annotations

Branches:
Dungeon (6/15)             Temple (0/1) D:4

Altars:
Ashenzari
Dithmenos
Makhleb
Nemelex Xobeh
Okawaru
Sif Muna
Trog
Xom

Annotations:
D:6 MTVSty1e's ghost, novice DrBe


Innate Abilities, Weirdness & Mutations

You reflexively headbutt those who attack you in melee.
You have a pair of horns on your head.
You have a somewhat thin skeletal structure (Dex +2, Stealth).


Message History

MTVSty1e's ghost breathes negative energy at you.
The bolt of negative energy hits you!
You feel drained.
An orc comes into view. It is wielding a hand axe.
The orc shouts!
The orc hits you but does no damage.
MTVSty1e's ghost whispers, "Death doesn't hurt.
What you feel is life."
MTVSty1e's ghost breathes negative energy at you.
The bolt of negative energy hits the orc.
The orc is drained!
The orc dies!
The bolt of negative energy misses you.
MTVSty1e's ghost screams, "Don't try to defend!
You have no chance!"
MTVSty1e's ghost keens inconsolably.
MTVSty1e's ghost breathes negative energy at you.
The bolt of negative energy hits you!
You feel drained.
There is a stone staircase leading up here.
MTVSty1e's ghost breathes negative energy at you.
The bolt of negative energy hits you!
You feel drained.
You die...
Xom roars with laughter!

#..#...#...#..................#.
#.###....####..##....#######....
#.. ###.## #...#....## ##....
#.#####..# ##..#.....#####.....
.........# #W..............#..
........## #..............##..
.######..# ##...#........###..
#..# #..####.....###... #. ##.##
#@.# ##...####...
#..#####..######..### ##..###....
#...................###..###.....
.........#######.........##......
....###..# ##........#....... #..
##.# #...............# . #.#
##..............## #.#
###..............## #.#
##.....####......##


You could see MTVSty1e's ghost.

Vanquished Creatures
  Pikel (D:5)
  Grinder (D:5)
  A yak (D:5)
  An ice beast (D:6)
  A sky beast (D:6)
  A phantom (D:4)
  A centaur (D:6)
  2 scorpions (D:5)
  2 howler monkeys
  A jelly (D:6)
  A centaur zombie (D:5)
  A crimson imp (D:5)
  3 hounds
  An orc priest (D:4)
  A centaur skeleton (D:6)
  An iguana (D:4)
  2 orc wizards (D:6)
  3 worker ants
  A hound skeleton (D:4)
  3 gnolls
  10 adders
  A shadow imp (D:6)
  7 worms
  4 dart slugs
  3 giant geckos
  11 orcs
  6 bats
  3 giant cockroaches
  6 goblins
  4 hobgoblins (D:1)
  7 jackals
  11 kobolds
  A quokka (D:3)
  8 giant newts
  5 rats
116 creatures vanquished.

Vanquished Creatures (collateral kills)
  A slave (D:5)
  A scorpion (D:4)
  A hound (D:4)
  A centaur skeleton (D:4)
  A worker ant (D:4)
  2 gnolls (D:5)
  3 orcs (D:4)
10 creatures vanquished.

Vanquished Creatures (others)
  An orc (D:6)
1 creature vanquished.

Grand Total: 127 creatures vanquished

Notes
Turn   | Place    | Note
--------------------------------------------------------------
     0 | D:1      | epen the Minotaur Chaos Knight began the quest for the Orb.
     0 | D:1      | Reached XP level 1. HP: 19/19 MP: 0/0
    32 | D:1      | XOM: butterfly on damage
    42 | D:1      | XOM: silly message
    47 | D:1      | Reached XP level 2. HP: 6/27 MP: 1/1
   739 | D:1      | Reached XP level 3. HP: 33/33 MP: 2/2
   881 | D:1      | Reached skill level 4 in Axes
  1338 | D:2      | Reached XP level 4. HP: 29/40 MP: 3/3
  1423 | D:2      | XOM: harmless Necr miscast
  1495 | D:2      | XOM: enchant monster (bad)
  1658 | D:2      | XOM: mild Necr miscast
  1720 | D:2      | XOM: harmless Hex miscast
  1787 | D:2      | XOM: harmless Summ miscast
  2124 | D:3      | XOM: scenery: create altars
  2140 | D:3      | Reached XP level 5. HP: 47/47 MP: 4/4
  2442 | D:3      | XOM: vitrification
  2498 | D:4      | Found a staircase to the Ecumenical Temple.
  2502 | D:4      | Reached skill level 5 in Axes
  2685 | D:4      | Found a shadowy altar of Dithmenos.
  2687 | D:4      | Found a bloodstained altar of Trog.
  2687 | D:4      | Found a shimmering altar of Xom.
  2689 | D:4      | Found a shattered altar of Ashenzari.
  2690 | D:4      | Found a deep blue altar of Sif Muna.
  2690 | D:4      | Found a sparkling altar of Nemelex Xobeh.
  2690 | D:4      | Found an iron altar of Okawaru.
  2714 | D:4      | Reached XP level 6. HP: 52/53 MP: 5/5
  2751 | D:4      | Found a sparkling altar of Nemelex Xobeh.
  3069 | D:4      | XOM: harmless Chrm miscast
  3100 | D:4      | Reached skill level 5 in Fighting
  3151 | D:5      | Entered Level 5 of the Dungeon
  3201 | D:5      | Reached skill level 5 in Dodging
  3217 | D:5      | XOM: noise
  3222 | D:5      | XOM: noise
  3223 | D:5      | Noticed Grinder
  3230 | D:5      | XOM: harmless Ice miscast
  3269 | D:4      | Reached skill level 6 in Axes
  3269 | D:4      | Reached XP level 7. HP: 16/61 MP: 6/6
  3325 | D:4      | XOM: colour smoke trail
  3333 | D:4      | XOM: mild Divn miscast
  3509 | D:5      | Paralysed by Grinder for 3 turns
  3519 | D:5      | Killed Grinder
  3775 | D:5      | Noticed Prince Ribbit
  3790 | D:5      | XOM: smoke on damage
  3801 | D:5      | Noticed Prince Ribbit
  3801 | D:5      | Prince Ribbit changed into Prince Ribbit the polar bear
  3801 | D:5      | XOM: polymorph Prince Ribbit -> Prince Ribbit the polar bear
  3806 | D:5      | Noticed Prince Ribbit
  3806 | D:5      | Prince Ribbit the polar bear changed into Prince Ribbit the yak
  3806 | D:5      | XOM: polymorph Prince Ribbit the polar bear -> Prince Ribbit the yak
  3820 | D:5      | Killed Prince Ribbit the yak
  3820 | D:5      | Reached skill level 7 in Axes
  3820 | D:5      | Reached skill level 5 in Armour
  3820 | D:5      | Reached XP level 8. HP: 36/70 MP: 7/7
  3860 | D:5      | XOM: noise
  3963 | D:5      | XOM: enchant monster (good)
  3983 | D:5      | XOM: scenery: create altars
  4014 | D:5      | XOM: summons 7 friendly demons
  4026 | D:5      | Noticed Pikel
  4026 | D:5      | XOM: cast spell 'Summon Butterflies'
  4033 | D:5      | XOM: harmless Necr miscast
  4037 | D:5      | Killed Pikel
  4037 | D:5      | Reached skill level 8 in Axes
  4069 | D:5      | Found a burning altar of Makhleb.
  4071 | D:5      | Noticed an Executioner
  4081 | D:5      | XOM: god gift: robe {god gift}
  4373 | D:5      | XOM: divination: detect items
  4494 | D:6      | XOM: potion effect (heal wounds)
  4584 | D:6      | Gained mutation: You have a somewhat thin skeletal structure (Dex +2, Stealth). [mutagenic meat]
  4585 | D:6      | Gained mutation: Scrolls take you a little longer to read. [mutagenic meat]
  4586 | D:6      | Lost mutation: Scrolls take you a little longer to read. [mutagenic meat]
  4613 | D:6      | XOM: potion effect (agility)
  4627 | D:6      | XOM: cast spell 'Dragon Form'
  4719 | D:6      | Reached XP level 9. HP: 73/78 MP: 8/8
  4783 | D:6      | Noticed MTVSty1e's ghost (novice DrBe)
  4814 | D:6      | Killed from afar by MTVSty1e's ghost

Skill      XL: |  1  2  3  4  5  6  7  8  9 |
---------------+----------------------------+-----
Dodging        | 2 3 4 5 6 7 |  7.8
Fighting       | 4 5 6 7 |  7.0
Axes           | 4 5 6 7 8 |  8.8
Armour         | 3 4 5 6 |  6.0

Action                   |  1- 3 |  4- 6 |  7- 9 || total
-------------------------+-------+-------+-------++-------
Melee: Hand axe          |    92 |   217 |   145 ||   454
       Headbutt          |     8 |    27 |    23 ||    58
 Abil: Breathe Fire      |       |       |     1 ||     1
  Use: Scroll            |       |    10 |       ||    10
       Potion            |       |       |     2 ||     2
 Stab: Confused          |       |     1 |     1 ||     2
  Eat: Chunk             |     1 |     7 |     7 ||    15
       Pizza             |       |       |     1 ||     1
Armor: Leather armour    |    18 |       |       ||    18
       Ring mail         |     6 |    15 |       ||    21
       Plate armour      |       |   111 |    66 ||   177
Dodge: Dodged            |    59 |    96 |    61 ||   216
